 Dungeon Sprint DCSS version 0.31.0-32-g396128a36d (webtiles) character file.

Game seed: 17146735583239190540

1369 Heoruswealwe the Impaler (level 8, -2/83 HPs)
             Began as a Minotaur Fighter on Mar 8, 2024.
             Was an Initiate of Gozag.
             Slain by a catoblepas (8 damage)
             ... while petrified by a catoblepas
             ... in the Dungeon (Sprint IX: "|||||||||||||||||||||||||||||").
             The game lasted 00:03:07 (349 turns).

Heoruswealwe the Impaler (Minotaur Fighter)          Turns: 349, Time: 00:03:07

Health: -2/83      AC: 11    Str: 23    XL:     8   Next: 38%
Magic:  7/7        EV:  2    Int:  5    God:    Gozag
Gold:   729        SH:  0    Dex: 10    Spells: 7/7 levels left

rFire   . . .        b - +2 halberd (vamp)
rCold   . . .        (shield currently unavailable)
rNeg    + + +        c - +1 scale mail
rPois   ∞            (helmet restricted)
rElec   .            (no cloak)
rCorr   .            f - +0 pair of gloves
SInv    .            (no boots)
Will    .....        (no amulet) Stlth
                     k - +2 ring of evasion
HPRegen 0.33/turn    (no ring)
MPRegen 0.10/turn

%: no teleportation
@: petrified
A: horns 2, retaliatory headbutt
a: Renounce Religion, Potion Petition, Call Merchant, Bribe Branch


You were in the Dungeon.
You worshipped Gozag.
Gozag was pleased with you.
You visited 1 branch You collected 729 gold pieces.

Inventory:

Hand Weapons
 a - a +0 trident
 b - a +2 vampiric halberd (weapon)
 A - the +7 lajatang of Order {silver, rMut}
   (You found it in the Dungeon)

   rMut:      It protects you from mutation.
Armour
 c - a +1 scale mail (worn)
 d - a +0 buckler
 f - a +0 pair of gloves (worn)
Jewellery
 k - a +2 ring of evasion (left hand)
Wands
 h - a wand of roots (10)
Scrolls
 j - 2 scrolls of blinking
Potions
 e - 5 potions of curing
 g - a potion of haste
 i - a potion of berserk rage
 l - 2 potions of heal wounds
 m - a potion of might


   Skills:
 + Level 11.8 Fighting
 * Level 15.7 Polearms
 + Level 11.7 Armour
 - Level 3.6 Shields


You had 7 spell levels left.
You didn't know any spells.
Your spell library was empty.

Dungeon Overview and Level Annotations

Branches:
Dungeon (1/1)

Altars:
Cheibriados
Dithmenos
Elyvilon
Fedhas
Gozag
Hepliaklqana
Kikubaaqudgha
Makhleb
Nemelex Xobeh
Okawaru
Qazlal
Ru
Sif Muna
Trog
Uskayaw
Vehumet
Wu Jian
Xom
Yredelemnul
Zin
The Shining One
Jiyva
Lugonu


Innate Abilities, Weirdness & Mutations

You have a pair of horns on your head.
You reflexively headbutt those who attack you in melee.


Message History

The catoblepas breathes a plume of calcifying dust at you.
The blast of calcifying dust hits you but does no damage.
You hit the catoblepas but do no damage.
The catoblepas is severely wounded.
You are engulfed in calcifying dust.
You are slowing down.
The harpy is distracted by your dazzling golden aura.
The howler monkey hoots and howls with incredible vigour!
The catoblepas barely misses you.
The harpy screeches!
You puncture the catoblepas!
You feel better.
You headbutt the catoblepas.
The catoblepas is almost dead.
You are engulfed in calcifying dust.
The catoblepas gores you but does no damage.
Your limbs are stiffening.
You barely miss the catoblepas.
The catoblepas is almost dead.
You are engulfed in calcifying dust.
Your limbs have turned to stone.
The catoblepas gores you but does no damage.
You have turned to stone.
You are engulfed in calcifying dust.
The catoblepas gores you!
The harpy is no longer distracted by gold.
The catoblepas completely misses you. The catoblepas gores you!
The howler monkey hoots and howls with incredible vigour!
The catoblepas gores you.
The catoblepas breathes a plume of calcifying dust at you.
The blast of calcifying dust hits you!
* * * LOW HITPOINT WARNING * * *
You are engulfed in calcifying dust.
The catoblepas gores you!
* * * LOW HITPOINT WARNING * * *
You are engulfed in calcifying dust.
The catoblepas gores you but does no damage.
You are engulfed in calcifying dust.
The catoblepas gores you!
* * * LOW HITPOINT WARNING * * *
You are engulfed in calcifying dust.
The catoblepas gores you!
* * * LOW HITPOINT WARNING * * *
You are engulfed in calcifying dust.
The catoblepas gores you!
You die...
Your body crumbles into a pile of gold.

▓.▓
▓.▓
▓h▓
▓u▓
▓H▓
▓W▓
▓Y▓
▓@▓
▓§▓
▓§▓
▓.▓
▓.▓
▓)▓
▓'▓
▓.▓
▓.▓


You could see a catoblepas, a green ugly thing, a harpy, a wraith and a howler
monkey.

Vanquished Creatures
  A two-headed ogre (D)
  2 yaks (D)
  An acid dragon (D)
  2 centaurs (D)
  2 phantoms (D)
  A howler monkey (D)
  A hound (D)
  An orc wizard (D)
  An adder (D)
  A goblin (D)
  A hobgoblin (D)
  3 bats (D)
17 creatures vanquished.

Notes
Turn   | Place    | Note
-------+----------+-------------------------------------------
     0 | D        | Heoruswealwe the Minotaur Fighter began the quest for the
                  | Orb.
     0 | D        | Reached XP level 1. HP: 19/19 MP: 0/0
     6 | D        | Reached skill level 3 in Polearms
    26 | D        | Noticed a phantom
    26 | D        | Noticed a centaur
    26 | D        | Noticed a hound
    26 | D        | Noticed a phantom
    34 | D        | Killed a phantom
    35 | D        | Reached skill level 7 in Polearms
    35 | D        | Reached XP level 2. HP: 10/30 MP: 1/1
    35 | D        | Reached XP level 3. HP: 12/37 MP: 2/2
    35 | D        | Reached XP level 4. HP: 15/44 MP: 3/3
    40 | D        | Reached skill level 8 in Polearms
    46 | D        | Killed a centaur
    47 | D        | Reached skill level 10 in Polearms
    47 | D        | Reached XP level 5. HP: 19/53 MP: 4/4
    52 | D        | Killed a phantom
    53 | D        | Reached XP level 6. HP: 17/62 MP: 5/5
    58 | D        | Found a snail-covered altar of Cheibriados.
    58 | D        | Found a shadowy altar of Dithmenos.
    58 | D        | Found a white marble altar of Elyvilon.
    58 | D        | Found a blossoming altar of Fedhas.
    58 | D        | Found an opulent altar of Gozag.
    59 | D        | Found a hazy altar of Hepliaklqana.
    60 | D        | Found a viscous altar of Jiyva.
    61 | D        | Found an ancient bone altar of Kikubaaqudgha.
    62 | D        | Found a corrupted altar of Lugonu.
    63 | D        | Found a burning altar of Makhleb.
    64 | D        | Found a sparkling altar of Nemelex Xobeh.
    65 | D        | Found an iron altar of Okawaru.
    66 | D        | Became a worshipper of Gozag Ym Sagoz the Greedy
    67 | D        | Found a stormy altar of Qazlal.
    68 | D        | Found a sacrificial altar of Ru.
    69 | D        | Found a shimmering blue altar of Sif Muna.
    70 | D        | Found a bloodstained altar of Trog.
    71 | D        | Found a hide-covered altar of Uskayaw.
    72 | D        | Found a radiant altar of Vehumet.
    73 | D        | Found an ornate altar of the Wu Jian Council.
    74 | D        | Found a shimmering altar of Xom.
    75 | D        | Found a basalt altar of Yredelemnul.
    76 | D        | Found a glowing silver altar of Zin.
    77 | D        | Found a glowing golden altar of the Shining One.
    85 | D        | Found the +7 lajatang of Order {silver, rMut}
   203 | D        | Noticed a yak
   203 | D        | Noticed an acid dragon
   203 | D        | Noticed a yak
   208 | D        | Reached skill level 11 in Polearms
   217 | D        | Killed a yak
   218 | D        | Reached skill level 12 in Polearms
   220 | D        | Killed an acid dragon
   221 | D        | Reached skill level 10 in Fighting
   221 | D        | Reached skill level 13 in Polearms
   221 | D        | Reached skill level 10 in Armour
   221 | D        | Reached XP level 7. HP: 39/72 MP: 6/6
   231 | D        | Killed a yak
   232 | D        | Reached skill level 14 in Polearms
   325 | D        | Noticed a harpy
   325 | D        | Noticed a wraith
   325 | D        | Noticed a green ugly thing
   325 | D        | Noticed a catoblepas
   325 | D        | Noticed a two-headed ogre
   328 | D        | Killed a two-headed ogre
   329 | D        | Reached skill level 15 in Polearms
   329 | D        | Reached XP level 8. HP: 59/83 MP: 7/7
   349 | D        | Slain by a catoblepas

Illustrated notes

Levels and vault maps discovered:
D:        linesprint [early_d, line_temple, items_1, d_10, items_2, lair_1,
          lair_end, items_3, orc_1, orc_end, items_4, d_15, swamp_1, shoals_1,
          snake_1, spider_1, d_20, vaults_1, items_5, swamp_end, shoals_end,
          snake_end, spider_end, vaults_end, d_27, items_6, zot_1, zot_end,
          crypt_end, forest_end, elf_end, slime_end, tomb_end, abyss_end,
          pan_hell_end]

Skill      XL: |  1  2  3  4  5  6  7 |
---------------+----------------------+-----
Polearms       | 7 10 13 15 | 15.7
Fighting       | 6 7 8 10 11 | 11.8
Armour         | 6 7 8 10 11 | 11.7
Shields        | |  3.6

Action                     |  1- 3 |  4- 6 |  7- 9 || total
---------------------------+-------+-------+-------++-------
  Melee: Trident           |    22 |    16 |       ||    38
         Headbutt          |     4 |     7 |     8 ||    19
         Halberd           |       |    16 |    27 ||    43
    Use: Potion            |       |     1 |       ||     1
 Armour: Scale mail        |    19 |    28 |    24 ||    71
  Dodge: Dodged            |     8 |    14 |     3 ||    25
  Block: Buckler           |     2 |     5 |       ||     7
